 Dungeon Crawl Stone Soup version 0.32-a0-834-geaf45d8e21 (webtiles) character file.

Game seed: 16870083047636371320

1899 epen the Insei (level 9, -4/27 HPs)
             Began as an Octopode Monk on Mar 25, 2024.
             Was a Plaything of Xom.
             Killed from afar by an orc wizard (9 damage)
             ... with a magic dart
             ... on level 6 of the Dungeon.
             The game lasted 00:11:07 (5139 turns).

epen the Insei (Octopode Monk)                      Turns: 5139, Time: 00:11:08

Health: -4/27      AC:  1    Str: 18    XL:     9   Next: 15%
Magic:  9/9        EV: 21    Int: 11    God:    Xom [.....*]
Gold:   363        SH:  0    Dex: 21    Spells: 8/8 levels left

rFire   + .          .
                       - Unarmed
rCold   . . .        b - melded orb {light}
rNeg    . . .        (helmet restricted)
rPois   +            q - amulet of magic regeneration
rElec   .            e - ring of Pimnoko {EV+5 Dex+5}
rCorr   +            m - ring of protection from fire
SInv    .            n - ring of flight
Will    .....        t - ring "Kusolani" {rPois rCorr}
Stlth   +++          (no ring)
HPRegen 0.24/turn    (no ring)
MPRegen 0.51/turn    (no ring)
                     (no ring)

%: no passive effects
@: blade tentacles, flying
A: reduced hp, almost no armour, amphibious, 8 rings, camouflage 1, gelatinous
body 1, (nimble swimmer 1), tentacles, antennae 1, poison resistance, strong 2,
wild magic 1, evolution 1
a: Begin Untransformation, Renounce Religion


You were on level 6 of the Dungeon.
You worshipped Xom.
You were Xom's teddy bear.
You had blades for main tentacles.
You visited 1 branch of the dungeon, and saw 6 of its levels.
You also visited: Sewer.

You collected 363 gold pieces.

Inventory:

Missiles
 d - 3 curare-tipped darts (quivered)
Armour
 b - an orb of light (melded)
Jewellery
 e - the ring of Pimnoko (left blade tentacle) {EV+5 Dex+5}
   (You acquired it on level 3 of the Dungeon)

   [ring of evasion]

   EV+5:      It affects your evasion (+5).
   Dex+5:     It affects your dexterity (+5).
 m - a ring of protection from fire (right blade tentacle)
 n - a ring of flight (on tentacle)
 q - an amulet of magic regeneration (around mantle)
 t - the ring "Kusolani" (on tentacle) {rPois rCorr}
   (Xom gifted it to you on level 5 of the Dungeon)

   [ring of resist corrosion]

   rPois:     It protects you from poison.
   rCorr:     It protects you from acid and corrosion.
Talismans
 i - a beast talisman
 s - the serpent talisman "Jopt" {+Blink rC+ rN+ Int-3}
   (You found it on level 4 of the Dungeon)

   [serpent talisman]

   Int-3:     It affects your intelligence (-3).
   rC+:       It protects you from cold.
   rN+:       It protects you from negative energy.
   +Blink:    It lets you blink.
 x - a blade talisman (active)
Wands
 f - a wand of mindburst (16)
Scrolls
 c - 2 scrolls of identify
 g - a scroll of teleportation
 j - 2 scrolls of noise
 p - a scroll of enchant weapon
 u - a scroll of enchant armour
 w - a scroll of poison {unknown}
Potions
 a - a potion of ambrosia
 h - 3 potions of magic {unknown}
 k - 2 potions of curing {unknown}
 l - a potion of berserk rage
 o - a potion of cancellation
 r - 2 potions of haste {unknown}
 v - a potion of heal wounds {unknown}


   Skills:
 + Level 6.1 Fighting
 + Level 6.0 Dodging
 * Level 7.9 Unarmed Combat
 + Level 4.3 Shapeshifting


You had 8 spell levels left.
You didn't know any spells.
Your spell library contained the following spells:

 Spells                   Type           Power      Damage    Failure   Level
 Apportation              Tloc           0%         N/A       43%         1
 Necrotise                Necr           0%         1d4       43%         1
 Sting                    Conj/Alch      0%         1d3       43%         1
 Summon Small Mammal      Summ           0%         N/A       43%         1
 Ensorcelled Hibernation  Hex/Ice        0%         N/A       56%         2
 Hailstorm                Conj/Ice       0%         3d5       78%         3
 Passwall                 Erth           0%         N/A       78%         3
 Summon Ice Beast         Ice/Summ       0%         N/A       78%         3
 Swiftness                Air            0%         N/A       78%         3
 Leda's Liquefaction      Alch/Erth      0%         N/A       99%         4
 Lee's Rapid Deconstruct  Erth           0%         3d4*      100%        5
 Permafrost Eruption      Ice/Erth       0%         2x4d2     100%        6
 Sculpt Simulacrum        Ice/Alch       0%         N/A       100%        6


Dungeon Overview and Level Annotations

Branches:
Dungeon (6/15)              Sewer (visited)
 Temple: D:4-7

Altars:
Dithmenos
Ru
Xom

Annotations:
D:3 2 runed translucent doors, shadizar's ghost, amateur DjIE


Innate Abilities, Weirdness & Mutations

You have blades for main tentacles.
Your maximum health is decreased, since you lack skill for your form.
You are incapable of wielding weapons or throwing items.
You cannot wear most types of armour.
You are amphibious.
You can wear up to eight rings at the same time.
Your skin changes colour to match your surroundings (Stealth+).
Your rubbery body absorbs attacks. (AC +1, EV +1)
((You are camouflaged when in or above water. (Stealth+)))
You have tentacles for arms and can constrict up to eight enemies at once.
You have a pair of small antennae on your head.
Your system is resistant to poisons. (rPois)
Your muscles are very strong. (Str +8, Int/Dex -2)
Your spells are a little harder to cast, but a little more powerful.
You have hidden genetic potential.


Message History

The liquid fire burns you!
Your Dodging skill increases to level 6!
You barely miss the bullfrog.
The bullfrog gives a loud, deep croak!
You grab the bullfrog. You slash the bullfrog.
The bullfrog is lightly wounded.
The liquid fire burns you!
You constrict the bullfrog!
The bullfrog releases a deep croak.
The bullfrog hits you.
You hit the bullfrog. Your squeeze misses the bullfrog.
The bullfrog is severely wounded.
The liquid fire burns you!
You constrict the bullfrog. The bullfrog hits you.
The bullfrog barely misses you.
You are too injured to fight recklessly!
You hit the bullfrog.
You kill the bullfrog!
The liquid fire burns you!
You shake off some of the fire as you move.
The liquid fire burns you!
You shake off some of the fire as you move.
The liquid fire burns you!
The orc wizard gestures wildly while chanting.
The orc wizard flickers and vanishes!
Deactivating autopickup; reactivate with Ctrl-A.
You hear a shout!
You shake off the liquid fire.
An orc wizard comes into view. It is wielding a +2 dagger of venom.
You hit the bullfrog. You grab the bullfrog. You squeeze the bullfrog.
The bullfrog is moderately wounded.
You constrict the bullfrog.
An orc comes into view. It is wielding a +0 short sword.
The bullfrog hits you.
* * * LOW HITPOINT WARNING * * *
You slice the bullfrog!!
You kill the bullfrog!
A magic dart appears from out of thin air!
The magic dart hits you!
You die...

#.##..##.##...(.
#.##.###.##.#...
#.#..# #.##.#.##
#....# #.##.#.#
##.#.#{.......#
#. ####.#.# ..
... #. #....#..
#o #.####... #.
#@# .)...
#####{##.#
......
.#.....#.{#
.....#
.......#o###
#......†...#
##....)....#
#.........#
#....>?.....
#.............


You could see an orc.

Vanquished Creatures
  Pikel (D:6)
  Sigmund (D:2)
  Pargi (Sewer)
  An ogre (D:4)
  2 black bears
  A phantom (D:4)
  2 lemures (D:6)
  2 scorpions
  2 bullfrogs (D:6)
  3 bombardier beetles
  4 hounds
  4 iguanas
  3 orc wizards
  Robin (D:1)
  8 gnolls
  4 adders
  A dart slug (D:2)
  3 ribbon worms
  10 orcs
  5 bats
  10 endoplasms
  6 giant cockroaches
  14 goblins
  11 hobgoblins
  6 jackals
  6 kobolds
  2 quokkas
  7 ball pythons
  3 frilled lizards
  6 rats
130 creatures vanquished.

Notes
Turn   | Place    | Note
-------+----------+-------------------------------------------
     0 | D:1      | epen the Octopode Monk began the quest for the Orb.
     0 | D:1      | Reached XP level 1. HP: 16/16 MP: 1/1
   134 | D:1      | Reached XP level 2. HP: 16/21 MP: 2/2
   275 | D:1      | Found a faded altar of an unknown god.
   324 | D:1      | Prayed at the altar of an unknown god.
   324 | D:1      | Became a worshipper of Xom of Chaos
   423 | D:1      | Reached XP level 3. HP: 23/26 MP: 3/3
   431 | D:1      | XOM: silly message
   682 | D:1      | XOM: divination: detect items
   738 | D:2      | Noticed Robin
   743 | D:2      | Noticed Sigmund
   753 | D:1      | XOM: smoke on damage
   754 | D:1      | Killed Robin
   978 | D:2      | Noticed a scorpion
   983 | D:2      | XOM: noise
   989 | D:2      | Killed a scorpion
   990 | D:2      | Reached skill level 4 in Unarmed Combat
   990 | D:2      | Reached skill level 1 in Shapeshifting
   990 | D:2      | Reached XP level 4. HP: 16/33 MP: 4/4
   990 | D:2      | Reached XP level 5. HP: 18/37 MP: 5/5
  1108 | D:2      | Killed Sigmund
  1109 | D:2      | Reached XP level 6. HP: 35/43 MP: 6/6
  1284 | D:2      | Identified the +0 chain mail of Going Fast {rN+ rCorr
                  | Dex+3}
  1579 | D:2      | Found a shadowy altar of Dithmenos.
  1888 | D:3      | Identified a scroll of acquirement
  1888 | D:3      | Acquired the ring of Pimnoko {EV+5 Dex+5}
  1899 | D:3      | Found a large runed translucent door.
  1899 | D:3      | XOM: 1-stop teleportation journey
  1903 | D:3      | Found a large runed translucent door.
  1910 | D:3      | Noticed shadizar's ghost (amateur DjIE)
  2217 | D:3      | Found a glowing drain.
  2231 | Sewer    | Entered a sewer
  2279 | Sewer    | Noticed Pargi
  2288 | Sewer    | Killed Pargi
  2289 | Sewer    | Reached skill level 5 in Unarmed Combat
  2536 | D:3      | XOM: 8-stop teleportation journey
  2753 | D:4      | Reached XP level 7. HP: 42/49 MP: 7/7
  2758 | D:4      | XOM: swap monsters
  2837 | D:4      | XOM: give mutation
  2837 | D:4      | Gained mutation: You have a pair of small antennae on your
                  | head. [Xom's mischief]
  2955 | D:4      | XOM: cloud trail
  3196 | D:4      | Reached skill level 6 in Unarmed Combat
  3325 | D:4      | XOM: scenery: summon butterflies
  3328 | D:4      | XOM: give mutations
  3328 | D:4      | Gained mutation: Your muscles are strong. (Str +4, Int/Dex
                  | -1) [Xom's grace]
  3328 | D:4      | Gained mutation: Your spells are a little harder to cast,
                  | but a little more powerful. [Xom's grace]
  3328 | D:4      | Gained mutation: You have hidden genetic potential. [Xom's
                  | grace]
  3328 | D:4      | Gained mutation: Your muscles are very strong. (Str +8,
                  | Int/Dex -2) [Xom's grace]
  3351 | D:4      | Found a sacrificial altar of Ru.
  3481 | D:4      | Identified the serpent talisman "Jopt" {+Blink rC+ rN+
                  | Int-3}
  3526 | D:5      | Entered Level 5 of the Dungeon
  3959 | D:5      | Reached skill level 5 in Fighting
  3966 | D:5      | Reached XP level 8. HP: 49/55 MP: 8/8
  4048 | D:5      | Reached skill level 5 in Dodging
  4081 | D:5      | Identified the ring "Kusolani" {rPois rCorr} (Xom gifted it
                  | to you on level 5 of the Dungeon)
  4081 | D:5      | XOM: god gift: ring "Kusolani" {rPois rCorr}
  4529 | D:5      | XOM: 2-stop teleportation journey
  4622 | D:5      | XOM: 1-stop teleportation journey
  5002 | D:6      | Noticed Pikel
  5004 | D:6      | Gained mutation: Your system is resistant to poisons.
                  | (rPois) [hidden potential]
  5005 | D:6      | XOM: summons 8 friendly demons
  5012 | D:6      | XOM: blink monster(s)
  5022 | D:6      | XOM: blink monster(s)
  5028 | D:6      | XOM: potion effect (berserk rage)
  5032 | D:6      | Killed Pikel
  5033 | D:6      | Reached skill level 7 in Unarmed Combat
  5033 | D:6      | Reached XP level 9. HP: 62/62 MP: 9/9
  5085 | D:6      | XOM: 1-stop teleportation journey
  5139 | D:6      | Killed from afar by an orc wizard

Illustrated notes

Levels and vault maps discovered:
D:1:      shiori_shiawase, layout_rooms, serial_curves, eino_curves_03,
          eino_curves_03, eino_curves_04, eino_curves_04,
          dreamdust_ecumenical_altar_grove
D:2:      layout_basic, basic_altar, uniq_sigmund, uniq_robin
D:3:      layout_loops_ring, cheibrodos_sewer_entry_bend,
          ebering_ghost_disaster_area, grunt_decor_clamped,
          small_statue_intersection
D:4:      minmay_evil_eye, layout_loops_ring, general_overflow_altar
D:5:      layout_basic, minmay_misc_feat_columns
D:6:      nicolae_whirlpool, layout_basic, minmay_temple_entry_butterflies,
          ebering_ghost_inner_flame, uniq_pikel

Skill      XL: |  1  2  3  4  5  6  7  8  9 |
---------------+----------------------------+-----
Unarmed Combat | 4 5 6 7 |  7.9
Shapeshifting  | 1 2 3 4 |  4.3
Fighting       | 4 5 6 |  6.1
Dodging        | 4 5 6 |  6.0

Action                     |  1- 3 |  4- 6 |  7- 9 || total
---------------------------+-------+-------+-------++-------
  Melee: Unarmed           |    72 |    69 |   106 ||   247
         Constrict         |    22 |    22 |    39 ||    83
         Tentacles         |    17 |    18 |    24 ||    59
         Punch             |     4 |     5 |     6 ||    15
  Throw: Dart              |       |     2 |       ||     2
    Use: Potion            |     1 |       |       ||     1
         Scroll            |       |    10 |     1 ||    11
   Stab: Sleeping          |     1 |     1 |     1 ||     3
         Confused          |       |       |     1 ||     1
 Armour: Skin              |    56 |    16 |    30 ||   102
  Dodge: Dodged            |    29 |    40 |    82 ||   151
   Form: Beast             |     1 |       |       ||     1
                           |       |       |     3 ||     3
         Serpent           |       |       |     3 ||     3
         Blade             |       |       |     1 ||     1

Table legend: (Time is in decaauts)
 A = Elapsed time spent in this place.
 B = Non-inter-level travel time spent in this place.
 C = Inter-level travel time spent in this place.
 D = Time resting spent in this place.
 E = Time spent auto-exploring this place.
 F = Levels seen in this place.
 G = Mean time per level.
                   A        B        C        D        E       F      G
               +--------+--------+--------+--------+--------+-----+--------+
         Total |   5126 |   4956 |    170 |    555 |   3448 |   7 |  732.3 |
       Dungeon |   5014 |   4844 |    170 |    555 |   3397 |   6 |  835.7 |
         Sewer |    112 |    112 |      0 |      0 |     51 |   1 |  112.0 |
               +--------+--------+--------+--------+--------+-----+--------+

Top non-repeatable levels by time:
     D:5: 1406 daAuts
     D:2: 1016 daAuts
     D:1: 860 daAuts
     D:4: 853 daAuts
     D:3: 709 daAuts
     D:6: 168 daAuts
   Sewer: 112 daAuts
